 Dungeon Crawl Stone Soup version 0.23.2-40-g277498a001 (webtiles) character file.

Game seed: 8399708205171600893

41 Curus the Skirmisher (level 3, -1/31 HPs)
             Began as a Minotaur Abyssal Knight on Oct 20, 2019.
             Was a Follower of Lugonu.
             Slain by Sigmund
             ... wielding a cursed -3 scythe
              (8 damage)
             ... on level 2 of the Dungeon.
             The game lasted 00:02:29 (992 turns).

Curus the Skirmisher (Minotaur Abyssal Knight)       Turns: 992, Time: 00:02:30

Health: -1/31      AC:  6    Str: 16    XL:     3   Next: 32%
Magic:  4/4        EV: 10    Int:  9    God:    Lugonu [*.....]
Gold:   97         SH:  0    Dex: 10    Spells: 2/2 levels left

rFire    . . .     SeeInvis .   a - +1 mace
rCold    . . .     Gourm    .   (no shield)
rNeg     . . .     Faith    .   d - +0 ring mail
rPois    .         Spirit   .   (helmet restricted)
rElec    .         Reflect  .   f - +0 cloak
rCorr    .         Harm     .   (no gloves)
MR       .....                  (no boots)
Stlth    ..........             (no amulet)
HPRegen  0.10/turn              (no ring)
MPRegen  0.09/turn              (no ring)

@: lethally poisoned (-1 -> -3)
A: retaliatory headbutt, horns 2
a: Depart the Abyss, Renounce Religion


You were on level 2 of the Dungeon.
You worshipped Lugonu.
Lugonu was aware of your devotion.
You were not hungry.

You visited 1 branch of the dungeon, and saw 2 of its levels.
You visited the Abyss 1 time.

You collected 97 gold pieces.

Inventory:

Hand Weapons
 a - a +1 mace (weapon)
Armour
 b - a +0 leather armour
 d - a +0 ring mail (worn)
 f - a +0 cloak (worn)
Scrolls
 e - a scroll of fog
Comestibles
 c - 2 rations


   Skills:
 - Level 3.6 Fighting
 + Level 3.6 Maces & Flails
 - Level 2.4 Armour
 - Level 1.1 Dodging
 + Level 2.9 Invocations


You had 2 spell levels left.
You didn't know any spells.
Your spell library was empty.

Dungeon Overview and Level Annotations

Branches:
Dungeon (2/15)

Altars:

Annotations:
D:2 Sigmund


Innate Abilities, Weirdness & Mutations

You reflexively headbutt those who attack you in melee.
You have a pair of horns on your head.


Message History

You are confused.
A bat comes into view.
Sigmund gestures at you while chanting. You resist with significant effort.
The bat moves out of view.
Found 13 sling bullets.
You feel sick.
Sigmund zaps a wand.
You resist with significant effort.
Found a scroll of teleportation.
You bump into the rock wall.
You barely miss the bat. Your headbutt misses the bat.
The bat barely misses you.
You feel sick. The bat barely misses you.
You feel less confused. The bat hits you but does no damage.
Sigmund hits you from afar with a cursed -3 scythe.
* * * LOW HITPOINT WARNING * * *
Found a wand of polymorph (4).
The bat hits you but does no damage.
Sigmund whispers, "You'll know eternity soon."
Sigmund hits you from afar with a cursed -3 scythe!
You die...

.......###.... ...
............##....
#####.................
#.....................
#.....................
##......<†.............
#......).†...b..@......
#....................?.
#.............@........
##.....##.....###......
#.....+...............
#.....#######.........
#.....+ .........
#.....# .........
####... ..(.... / #...
..^.... .......


You could see Sigmund and a bat.

Vanquished Creatures
  2 adders (D:2)
  A dart slug (D:1)
  A leopard gecko (D:2)
  3 bats
  A giant cockroach (D:1)
  3 goblins
  2 hobgoblins (D:1)
  A ball python (D:1)
  A frilled lizard (D:1)
  3 kobolds (D:1)
  3 rats (D:1)
21 creatures vanquished.

Notes
Turn   | Place    | Note
-------+----------+-------------------------------------------
     0 | Abyss:1  | Curus the Minotaur Abyssal Knight began the quest for the
                  | Orb.
     0 | Abyss:1  | Reached XP level 1. HP: 19/19 MP: 1/1
     8 | Abyss:1  | Noticed a death knight
     8 | Abyss:1  | Noticed a starcursed mass
     9 | D:1      | Escaped the Abyss
   225 | D:1      | Reached * piety under Lugonu
   247 | D:1      | Reached XP level 2. HP: 26/26 MP: 2/2
   966 | D:2      | Reached XP level 3. HP: 26/31 MP: 2/4
   985 | D:2      | Noticed Sigmund
   992 | D:2      | Slain by Sigmund

Skill      XL: |  1  2 |
---------------+-------+-----
Invocations    | 2 |  2.9
Maces & Flails | 3 |  3.6
Fighting       | |  3.6
Armour         | |  2.4
Dodging        | |  1.1

Action                   || total
-------------------------++-------
Melee: Mace              ||    58
       Headbutt          ||     3
Invok: Depart the Abyss  ||     1
  Use: Scroll            ||     2
Armor: Ring mail         ||    24
       Leather armour    ||     2
Dodge: Dodged            ||    34
